Map: Romanticide LE

Players

Diamond - Winner!

  • Race: Protoss Protoss
  • League: Diamond

ViBE

  • Race: Zerg Zerg
  • League: Platinum

VOD

Have the link to the VOD?

Description

Time

  • Played on: April 6, 2021, 6:45 p.m.
  • Length: 17:54
Show
View Real Time Build Order
Export as new Build Order

Diamond Protoss - Winner!

Build Orders: Carriers 

Get SALT Encoding   

  12  0:00  Probe  
  13  0:12  Probe  
  14  0:19  Pylon  
  14  0:24  Probe  
  15  0:37  Probe (Chrono Boost)  
  15  0:39  Gateway  
  16  0:46  Probe (Chrono Boost)  
  17  0:50  Assimilator  
  17  0:51  Probe (Chrono Boost)  
  18  1:03  Probe (Chrono Boost)  
  19  1:11  Gateway  
  19  1:13  Probe (Chrono Boost)  
  20  1:26  Cybernetics Core  
  20  1:30  Probe  
  20  1:32  Assimilator  
  21  1:36  Pylon  
  21  1:43  Probe  
  22  1:55  Probe  
  23  2:06  Nexus  
  23  2:12  Adept  
  25  2:16  Warp Gate  
  25  2:26  Stargate  
  25  2:32  Probe  
  26  2:39  Stalker  
  29  2:44  Probe  
  29  2:53  Twilight Council  
  29  2:56  Probe  
  30  3:08  Shield Battery, Probe  
  31  3:15  Void Ray  
  31  3:22  Probe (Chrono Boost)  
  37  3:28  Probe (Chrono Boost)  
  37  3:32  Probe (Chrono Boost)  
  38  3:36  Probe (Chrono Boost)  
  38  3:39  Probe (Chrono Boost)  
  40  3:48  Probe (Chrono Boost)  
  41  3:50  Assimilator  
  41  3:53  Assimilator, Probe (Chrono Boost)  
  41  3:55  Probe (Chrono Boost)  
  43  4:01  Probe  
  43  4:02  Probe  
  44  4:09  Nexus  
  45  4:10  Pylon  
  45  4:13  Probe  
  46  4:17  Pylon  
  46  4:22  Robotics Facility  
  46  4:28  Probe (Chrono Boost)  
  46  4:29  Probe (Chrono Boost)  
  46  4:31  Stalker  
  50  4:32  Stalker  
  52  4:40  Probe (Chrono Boost)  
  52  4:41  Probe (Chrono Boost)  
  52  4:45  Pylon  
  54  4:52  Probe x2 (Chrono Boost), Robotics Facility  
  54  4:58  Pylon  
  56  5:02  Probe (Chrono Boost)  
  58  5:07  Probe (Chrono Boost)  
  58  5:10  Robotics Bay  
  58  5:12  Observer, Probe (Chrono Boost)  
  60  5:19  Probe (Chrono Boost)  
  62  5:22  Probe (Chrono Boost)  
  62  5:23  Probe (Chrono Boost)  
  63  5:30  Shield Battery  
  63  5:34  Observer, Probe x2 (Chrono Boost)  
  63  5:35  Pylon, Probe (Chrono Boost)  
  67  5:39  Forge  
  67  5:40  Probe (Chrono Boost)  
  67  5:41  Probe (Chrono Boost)  
  69  5:49  Probe (Chrono Boost)  
  71  5:52  Probe (Chrono Boost)  
  71  5:54  Probe (Chrono Boost)  
  73  5:57  Probe (Chrono Boost)  
  73  5:58  Probe (Chrono Boost)  
  73  6:02  Probe  
  75  6:04  Assimilator  
  75  6:07  Probe  
  75  6:08  Assimilator  
  75  6:10  Probe  
  77  6:13  Fleet Beacon  
  77  6:14  Nexus, Probe  
  77  6:17  Pylon, Stargate  
  78  6:19  Pylon, Stargate  
  78  6:27  Stargate  
  78  6:34  Assimilator  
  78  6:37  Assimilator  
  78  6:41  Disruptor  
  78  6:42  Colossus  
  87  6:52  Photon Cannon  
  87  6:53  Photon Cannon  
  87  6:55  Photon Cannon  
  87  6:57  Photon Cannon  
  87  6:59  Shield Battery  
  87  7:02  Shield Battery, Probe (Chrono Boost)  
  87  7:03  Probe (Chrono Boost)  
  87  7:07  Probe (Chrono Boost)  
  90  7:12  Probe (Chrono Boost)  
  90  7:13  Probe (Chrono Boost)  
  99  7:16  Probe (Chrono Boost)  
  99  7:18  Carrier (Chrono Boost)  
  99  7:19  Carrier (Chrono Boost)  
  105  7:26  Probe  
  106  7:34  Carrier (Chrono Boost)  
  106  7:35  Cybernetics Core  
  106  7:42  Probe x3 (Chrono Boost)  
  116  7:45  Probe (Chrono Boost)  
  116  7:51  Protoss Air Weapons Level 1 (Chrono Boost)  
  116  7:54  Probe (Chrono Boost)  
  116  7:55  Probe x2 (Chrono Boost)  
  116  7:57  Disruptor, Carrier (Chrono Boost)  
  123  8:02  Probe (Chrono Boost)  
  129  8:06  Protoss Shields Level 1  
  129  8:15  Pylon  
  129  8:26  Photon Cannon  
  129  8:31  Carrier (Chrono Boost)  
  135  8:35  Pylon  
  135  8:37  Pylon  
  135  8:40  Pylon  
  135  8:45  Shield Battery  
  135  8:50  Carrier (Chrono Boost)  
  147  9:01  Carrier (Chrono Boost)  
  153  9:03  Carrier (Chrono Boost)  
  153  9:11  Protoss Air Armor Level 1 (Chrono Boost)  
  153  9:24  Pylon  
  153  9:27  Pylon  
  153  9:29  Pylon x2, Carrier (Chrono Boost)  
  159  9:31  Photon Cannon  
  159  9:42  Mothership (Chrono Boost)  
  140  10:18  Carrier (Chrono Boost)  
  146  10:22  Disruptor (Chrono Boost)  
  146  10:26  Disruptor (Chrono Boost)  
  146  10:27  Carrier x2 (Chrono Boost)  
  136  10:52  Pylon  
  136  10:53  Pylon  
  136  10:56  Pylon  
  135  11:06  Nexus  
  135  11:09  Pylon  
  135  11:10  Pylon, Probe x2  
  137  11:11  Pylon  
  137  11:13  Sentry  
  137  11:14  Sentry  
  137  11:17  Carrier  
  137  11:18  Carrier  
  153  11:22  Probe x2  
  153  11:24  Assimilator  
  155  11:29  Photon Cannon  
  155  11:30  Photon Cannon  
  155  11:31  Probe  
  155  11:32  Photon Cannon  
  156  11:34  Photon Cannon, Probe x2  
  156  11:37  Shield Battery  
  156  11:38  Shield Battery  
  158  11:41  Assimilator  
  158  11:43  Carrier, Probe  
  158  11:45  Assimilator  
  165  11:49  Probe x2  
  167  12:18  Probe x3  
  161  12:33  Probe  
  156  12:43  Photon Cannon  
  155  12:44  Photon Cannon  
  155  12:53  Nexus  
  155  12:54  Probe x2  
  155  12:56  Pylon  
  155  12:58  Pylon  
  157  13:01  Pylon  
  157  13:13  Pylon  
  157  13:14  Carrier, Probe  
  157  13:16  Disruptor (Chrono Boost), Carrier  
  157  13:18  Disruptor (Chrono Boost)  
  176  13:22  Photon Cannon  
  176  13:23  Photon Cannon  
  176  13:25  Photon Cannon  
  176  14:05  Probe x3  
  176  14:09  Shield Battery  
  179  14:10  Shield Battery  
  179  14:11  Probe  
  179  14:13  Photon Cannon x2  
  180  14:17  Probe  
  180  14:18  Probe x2  
  180  14:23  Probe  
  187  14:25  Disruptor (Chrono Boost)  
  188  14:41  Observer (Chrono Boost)  
  188  14:51  Observer (Chrono Boost)  
  189  14:55  Carrier  
  195  17:39  Photon Cannon  
  195  17:40  Photon Cannon  
  195  17:42  Photon Cannon  
  195  17:44  Photon Cannon  
  195  17:46  Shield Battery  
  195  17:47  Shield Battery  
  195  17:50  Photon Cannon  
  195  17:51  Photon Cannon  
  195  17:52  Assimilator  
Show
View Real Time Build Order
Export as new Build Order

ViBE Zerg 

Build Orders: Hatch First, Roach Hydra 

Get SALT Encoding   

  12  0:00  Drone  
  13  0:14  Overlord  
  13  0:22  Drone  
  14  0:34  Drone x2  
  16  0:52  Hatchery  
  16  0:53  Drone  
  16  0:58  Drone  
  16  1:03  Drone  
  18  1:14  Spawning Pool  
  18  1:17  Drone  
  18  1:22  Drone  
  19  1:31  Drone  
  20  1:34  Extractor  
  19  1:49  Overlord  
  19  1:54  Drone  
  20  2:03  Drone  
  20  2:04  Queen x2  
  20  2:06  Drone  
  26  2:14  Drone  
  27  2:34  Drone x4  
  31  2:43  Overlord  
  31  2:45  Drone  
  31  2:49  Lair, Queen  
  34  2:53  Drone  
  35  3:04  Drone x2  
  37  3:07  Overlord  
  37  3:15  Drone  
  37  3:18  Drone  
  37  3:19  Drone x3  
  42  3:21  Roach Warren  
  42  3:23  Evolution Chamber  
  42  3:24  Drone x3  
  42  3:25  Drone  
  44  3:37  Overlord  
  44  3:38  Extractor x2  
  42  3:46  Overlord, Drone x2  
  44  3:55  Drone  
  44  3:56  Drone  
  44  3:57  Drone x3  
  44  4:01  Glial Reconstitution  
  44  4:02  Zerg Missile Weapons Level 1  
  49  4:05  Roach  
  49  4:06  Roach  
  49  4:09  Queen  
  55  4:18  Overlord  
  55  4:21  Hatchery  
  55  4:22  Roach x3  
  60  4:30  Overlord  
  60  4:39  Roach x2  
  60  4:40  Drone  
  60  4:41  Roach, Drone  
  68  4:54  Drone x3  
  68  4:57  Drone x5  
  76  5:04  Overlord x2  
  76  5:22  Overlord x2  
  76  5:23  Drone x2  
  78  5:29  Hydralisk Den  
  78  5:31  Drone x7  
  78  5:32  Evolution Chamber  
  78  5:34  Overseer  
  83  5:40  Extractor, Drone x3  
  85  5:47  Drone x2  
  87  5:51  Extractor x2  
  87  5:53  Hatchery  
  87  5:54  Drone  
  85  5:57  Drone  
  85  5:58  Drone  
  87  6:15  Drone x3  
  90  6:19  Overlord x2  
  90  6:22  Zerg Missile Weapons Level 2, Grooved Spines  
  90  6:23  Zerg Ground Armor Level 1  
  90  6:24  Hydralisk  
  90  6:25  Hydralisk x6  
  104  6:32  Hydralisk x3  
  104  6:34  Overlord x4  
  110  6:50  Hydralisk  
  110  6:51  Hydralisk x4  
  120  6:57  Overlord  
  120  6:59  Drone x3  
  124  7:15  Drone  
  124  7:16  Drone x12  
  124  7:17  Overlord  
  136  7:29  Drone  
  137  7:30  Drone x3  
  140  7:38  Hatchery  
  139  7:44  Overlord x2  
  139  7:45  Overlord  
  139  7:55  Roach x8  
  155  8:15  Extractor, Drone  
  155  8:16  Extractor, Drone  
  155  8:19  Infestation Pit  
  154  8:20  Drone  
  154  8:23  Hydralisk x10  
  154  8:24  Hydralisk x5  
  185  8:30  Zerg Ground Armor Level 2  
  185  8:32  Muscular Augments  
  185  8:51  Hydralisk x7  
  185  8:53  Drone  
  185  8:55  Hive  
  162  9:47  Lurker Den, Drone  
  160  9:58  Roach x14  
  186  10:00  Roach  
  186  10:01  Hydralisk x7  
  186  10:06  Hydralisk x4  
  186  10:07  Hydralisk x4  
  200  10:10  Hydralisk x2  
  200  10:21  Unknown  
  200  10:25  Drone  
  200  10:36  Hatchery  
  187  10:45  Zerg Missile Weapons Level 3  
  187  10:46  Zerg Ground Armor Level 3  
  187  10:47  Hydralisk x9  
  187  10:48  Hydralisk x3  
  187  10:49  Drone  
  194  10:50  Roach  
  194  10:51  Roach x2  
  194  10:52  Roach  
  194  10:53  Roach  
  192  11:05  Overseer x2  
  192  11:06  Roach x4  
  192  11:09  Seismic Spines  
  148  12:21  Hydralisk x7  
  148  12:22  Hydralisk x19  
  186  12:30  Overlord x3  
  186  12:31  Overseer x2  
  186  12:33  Hydralisk x12  
  190  12:41  Hydralisk  
  190  12:42  Hydralisk x7  
  186  13:10  Hydralisk  
  186  13:11  Hydralisk x6  
  182  13:46  Drone  
  131  13:57  Hydralisk x7  
  131  13:58  Hatchery, Hydralisk x25  
  172  14:11  Hydralisk x2  
  172  14:12  Hydralisk x11  
  172  14:15  Extractor  
  197  14:17  Extractor  
  197  14:20  Drone x2  
  198  14:28  Overseer x2  
  198  14:29  Hydralisk  
  200  14:32  Extractor  
  200  14:34  Extractor  
  198  14:54  Drone x2  
  200  15:10  Pneumatized Carapace  
  200  15:13  Hydralisk x22  
  196  15:14  Hydralisk x2  
  196  15:15  Overseer x2  
  196  15:17  Hydralisk x3  
  196  15:18  Hydralisk x4  
  196  15:19  Hydralisk x2  
  196  15:20  Hydralisk  
  198  15:22  Hydralisk  
  198  15:23  Hydralisk  
  180  15:29  Drone  
  180  15:30  Hydralisk x5  
  180  15:32  Hydralisk  
  180  15:33  Hydralisk  
  181  15:36  Hydralisk  
  181  15:37  Hydralisk x2  
  181  15:38  Hydralisk  
  183  15:43  Drone  
  183  15:44  Hydralisk x3  
  173  15:55  Hydralisk x7  
  171  15:59  Hydralisk x3  
  171  16:00  Hydralisk  
  147  16:04  Hydralisk x2  
  147  16:05  Hydralisk  
  147  16:07  Hydralisk  
  125  16:17  Hydralisk x4  
  113  16:27  Hydralisk x2  
  113  16:28  Hydralisk  
  112  16:37  Hydralisk  
  112  16:38  Hydralisk x3  
  115  16:41  Hydralisk  
  99  16:56  Overlord x3  
  99  17:11  Overlord x4  
  97  17:18  Overlord x3  
Tags
 
Add a new tag
Caveats
  • Supply blocks, unpowered buildings, or Contaminate may cause inaccurate times.
  • Supply counts are checked every 10 seconds.